 Dungeon Crawl Stone Soup version bcrawl-1.21.2-28-g2cb1824106 (webtiles) character file.

Game seed: 12850633300023723915

170 Hylith the Changer (level 5, -2/45 HPs)
             Began as a Draconian Transmuter on Mar 2, 2020.
             Was a Follower of Makhleb.
             Slain by a worker ant (3 damage)
             ... on level 4 of the Dungeon.
             The game lasted 00:06:05 (3209 turns).

Hylith the Changer (Draconian Transmuter)           Turns: 3209, Time: 00:06:06

Health: -2/45      AC:  5    Str: 13    XL:     5   Next: 26%
Magic:  9/9        EV: 12    Int: 20    God:    Makhleb [*.....]
Gold:   198        SH:  0    Dex: 11    Spells: 7/10 levels left

rFire    + . .     SeeInvis .     - Unarmed
rCold    . . .     Gourm    .   (no shield)
rNeg     . . .     Faith    .   (armour unavailable)
rPois    .         Spirit   .   p - +0 hat
rElec    .         Reflect  .   (no cloak)
rCorr    .         Harm     .   (no gloves)
MR       .....                  (no boots)
Stlth    +.........             (no amulet)
HPRegen  0.15/turn              r - ring of protection from fire
MPRegen  0.11/turn              l - +6 ring of intelligence

@: no status effects
A: unfitting armour, cold-blooded, AC +5
a: Renounce Religion


You were on level 4 of the Dungeon.
You worshipped Makhleb.
Makhleb was aware of your devotion.
You were hungry.

You visited 1 branch of the dungeon, and saw 4 of its levels.

You collected 198 gold pieces.

Inventory:

Missiles
 a - 408 arrows
 u - 159 tomahawks (quivered)
Armour
 p - a +0 hat (worn)
 q - a +0 buckler
Jewellery
 d - an uncursed ring of magical power
 l - a +6 ring of intelligence (right hand)
 r - a ring of protection from fire (left hand)
Scrolls
 b - 2 scrolls of fog {unknown}
 f - 2 scrolls of blinking {unknown}
 i - 4 scrolls of identify {unknown}
 k - 2 scrolls of enchant weapon {unknown}
 n - 3 scrolls of remove curse {unknown}
 t - a scroll of immolation {unknown}
Potions
 c - a potion of lignification
 h - 2 potions of invisibility {unknown}
 j - a potion of mutation {unknown}
 m - a potion of curing {unknown}
 o - a potion of flight {unknown}
 s - a potion of resistance {unknown}
Comestibles
 e - 5 rations {!d}
 g - a chunk of flesh


   Skills:
 + Level 3.2 Fighting
 + Level 2.0 Dodging
 - Level 3.0 Unarmed Combat
 + Level 3.2 Spellcasting
 + Level 3.5 Transmutations


You had 7 spell levels left.
You knew the following spells:

 Your Spells              Type           Power        Failure   Level  Hunger
a - Beastly Appendage     Tmut           ###...       3%          1    None
b - Sticks to Snakes      Tmut           ###.....     4%          2    ##.....

Your spell library contained the following spells:

 Spells                   Type           Power        Failure   Level  Hunger
 Spider Form              Tmut/Pois      ##.          21%         3    ###....
 Ice Form                 Ice/Tmut       ##......     56%         4    ####...
 Blade Hands              Tmut           ###.......   65%         5    ######.


Dungeon Overview and Level Annotations

Branches:
Dungeon (4/12)
 Temple: D:4-7

Altars:
Makhleb
Wu Jian


Innate Abilities, Weirdness & Mutations

Your plain brown scales are hard. (AC +5)
You cannot fit into any form of body armour.
You are cold-blooded and may be slowed by cold attacks.


Message History

The gnoll hits you with a +0 spear. The adder closely misses you.
The worker ant closely misses you. The gnoll hits you but does no damage.
The adder barely misses you. The gnoll hits you but does no damage.
Your transformation is almost over.
The worker ant barely misses you. The adder bites you.
* * * LOW HITPOINT WARNING * * *
The gnoll hits you from afar with a +0 spear.
* * * LOW HITPOINT WARNING * * *
The gnoll closely misses you. The adder misses you.
The gnoll barely misses you. The adder bites you.
* * * LOW HITPOINT WARNING * * *
The worker ant barely misses you. The adder closely misses you.
There is an open door here.
The worker ant bites you!
* * * LOW HITPOINT WARNING * * *
Your talons disappear.
The worker ant bites you.
You die...

#........#..#
#........#..#
#.......g#..#
#.....ggSg..#
#........#S.#
#........#..#
#####....#g.#
######a.#
#.@.# #...#
#...# #...#
#####..#
##..##..#
#...#...#
#...#...#
#...#...#


You could see a worker ant, 2 gnolls and an adder.

Vanquished Creatures
  A howler monkey (D:3)
  A bullfrog skeleton (D:4)
  2 adders
  An adder skeleton (D:4)
  An adder zombie (D:3)
  2 worms
  2 dart slugs (D:3)
  3 leopard geckos
  5 orcs (D:3)
  2 ball pythons
  6 bats
  A giant cockroach (D:1)
  5 goblins (D:2)
  9 hobgoblins
  6 kobolds
  A quokka (D:2)
  6 frilled lizards
  7 rats
61 creatures vanquished.

Notes
Turn   | Place    | Note
-------+----------+-------------------------------------------
     0 | D:1      | Hylith the Draconian Transmuter began the quest for the
                  | Orb.
     0 | D:1      | Reached XP level 1. HP: 16/16 MP: 3/3
   437 | D:1      | Reached XP level 2. HP: 15/23 MP: 5/5
  1103 | D:2      | Reached XP level 3. HP: 21/29 MP: 6/6
  1493 | D:2      | Found a burning altar of Makhleb.
  1493 | D:2      | Noticed a cacodemon
  1496 | D:2      | Noticed a smoke demon
  1496 | D:2      | Noticed a neqoxec
  1652 | D:2      | Became a worshipper of Makhleb the Destroyer
  2108 | D:3      | Found an ornate altar of the Wu Jian Council.
  2493 | D:3      | Reached XP level 4. HP: 34/37 MP: 6/8
  2713 | D:3      | Reached XP level 5. HP: 39/45 MP: 9/9
  3004 | D:4      | Noticed a slave
  3005 | D:4      | Noticed a slave
  3072 | D:4      | Learned a level 2 spell: Sticks to Snakes
  3163 | D:4      | Reached * piety under Makhleb
  3205 | D:4      | HP: 1/45 [worker ant (8)]
  3209 | D:4      | Slain by a worker ant

Skill      XL: |  1  2  3  4 |
---------------+-------------+-----
Dodging        | 2 |  2.0
Fighting       | 2 3 |  3.2
Spellcasting   | 3 |  3.2
Transmutations | 3 |  3.5
Unarmed Combat | |  3.0

Action                   |  1- 3 |  4- 6 || total
-------------------------+-------+-------++-------
Melee: Unarmed           |   169 |    70 ||   239
       Tailslap          |    20 |     6 ||    26
       Headbutt          |     2 |     2 ||     4
       Punch             |     2 |       ||     2
       Kick              |    12 |     9 ||    21
 Cast: Beastly Appendage |    13 |     5 ||    18
 Stab: Sleeping          |     1 |       ||     1
  Eat: Chunk             |     5 |     2 ||     7
Armor: Skin              |    49 |    15 ||    64
Dodge: Dodged            |   116 |    49 ||   165
